 Dungeon Crawl Stone Soup version 0.31-a0-692-gf03d1854d5 (webtiles) character file.

Game seed: 5336709933859868903

231 qw the Shooter (level 6, -1/38 HPs)
             Began as a Gargoyle Hunter on Sept 6, 2023.
             Frozen to death by an endoplasm (2 damage)
             ... on level 3 of the Dungeon.
             The game lasted 00:01:00 (1942 turns).

qw the Shooter (Gargoyle Hunter)                    Turns: 1942, Time: 00:01:00

Health: -1/38      AC: 15    Str: 14    XL:     6   Next: 3%
Magic:  6/6        EV: 10    Int: 10    God:
Gold:   119        SH:  0    Dex: 13    Spells: 5/5 levels left

rFire   + . .        Y - +0 shortbow
rCold   . . .        (shield currently unavailable)
rNeg    + . .        d - +4 ring mail
rPois   inf          (no helmet)
rElec   +            (no cloak)
rCorr   .            j - +1 pair of gloves
SInv    .            (no boots)
Will    +....        (no amulet)
Stlth   +            i - ring of protection from fire
HPRegen 0.26/turn    (no ring)
MPRegen 0.10/turn

%: no passive effects
@: no status effects
A: sickness immunity, AC +4, negative energy resistance 1, electricity
resistance, torment resistance 1, petrification resistance, clumsy 1,
strong-willed 1, MP-powered wands
a: no special abilities


You were on level 3 of the Dungeon.
You visited 1 branch of the dungeon, and saw 3 of its levels.

You collected 119 gold pieces.


Innate Abilities, Weirdness & Mutations

You are immune to sickness and miasma.
Your stone body is resilient. (AC +4)
You are immune to poison.
You resist negative energy. (rN+)
You are resistant to electric shocks. (rElec)
You are resistant to unholy torment.
You are immune to petrification.
You are clumsy. (Dex -2)
You are strong-willed. (Will+)
You expend magic power (3 MP) to strengthen your wands.


   Skills:
 - Level 4.0 Fighting
 + Level 6.2 Ranged Weapons
 - Level 1.0 Armour
 - Level 1.5 Dodging
 - Level 1.1 Stealth


You had 5 spell levels left.
You didn't know any spells.
Your spell library was empty.

Inventory:

Hand Weapons
 Y - a +0 shortbow (weapon)
Armour
 d - a +4 ring mail (worn)
 j - a +1 pair of gloves (worn)
 o - a +0 pair of boots
Jewellery
 i - a ring of protection from fire (left hand)
Scrolls
 a - a scroll of blinking {unknown}
 m - a scroll of noise {unknown}
 n - a scroll of identify
Potions
 b - a potion of lignification {unknown}
 c - a potion of brilliance {unknown}
 e - a potion of degeneration {unknown}
 f - a potion of might {unknown}
 g - a potion of mutation
 h - a potion of invisibility {unknown}
 k - a potion of curing {unknown}
 l - a potion of cancellation {unknown}

Dungeon Overview and Level Annotations

Branches:
Dungeon (3/15)

Altars:
The Shining One

Annotations:
D:3 Robin


Message History

Robin is heavily wounded.
Robin barely misses you. The endoplasm misses you.
The hobgoblin closely misses you.
The hobgoblin hits you but does no damage.
You shoot an arrow.
The arrow hits Robin but does no damage.
Robin is heavily wounded.
The endoplasm hits you but does no damage.
The hobgoblin closely misses you.
Robin roars a battlecry!
The goblin goes into a battle-frenzy!
The hobgoblin closely misses you.
The hobgoblin hits you but does no damage.
The endoplasm hits you but does no damage.
Robin zaps a wand.
You resist with almost no effort. The hobgoblin hits you.
You shoot an arrow.
The arrow hits Robin but does no damage.
Robin is heavily wounded.
The endoplasm barely misses you.
The hobgoblin hits you but does no damage.
Robin zaps a wand.
You resist with almost no effort. The hobgoblin misses you.
You shoot an arrow. The arrow hits Robin.
Robin is severely wounded.
The quokka twitches its whiskers.
The endoplasm freezes you.
You are frozen.
The hobgoblin hits you but does no damage.
Robin barely misses you. The hobgoblin closely misses you.
You shoot an arrow.
The arrow hits Robin but does no damage.
Robin is severely wounded.
The hobgoblin no longer looks unusually strong.
The endoplasm hits you but does no damage.
The hobgoblin hits you but does no damage.
Robin barely misses you. The hobgoblin hits you.
You shoot an arrow. The arrow hits Robin.
Robin is almost dead.
The endoplasm freezes you.
You are frozen.
You die...

....... ...####.######.
................... ##
.)......##......... #
........# ...........###
......... ..............
........# #..........###
......lr###..........###
.....gggg.............#.
.....gJ@###.......>.....
#####g#####..........#.#
# #...#...........
#.#.............
#.#.#.#..%...... ##
##...#.#.........
.........##.###......#
...##.##.....# #...##..
........#..######....###


You could see Robin, an endoplasm, a quokka, 2 hobgoblins, 3 goblins and a
frilled lizard.

Vanquished Creatures
  A crimson imp (D:3)
  Natasha (thrice) (D:3)
  3 adders (D:2)
  4 dart slugs
  An orc (D:3)
  4 ball pythons
  5 endoplasms
  3 giant cockroaches
  7 hobgoblins
  A jackal (D:2)
  7 kobolds
  7 quokkas
  7 bats
  5 frilled lizards (D:1)
  10 goblins
  A goblin zombie (D:3)
  A hobgoblin zombie (D:3)
  2 kobold skeletons (D:3)
  A kobold zombie (D:3)
  2 orc skeletons (D:3)
  An orc zombie (D:3)
  10 rats
86 creatures vanquished.

Notes
Turn   | Place    | Note
-------+----------+-------------------------------------------
     0 | D:1      | qw the Gargoyle Hunter began the quest for the Orb.
     0 | D:1      | Reached XP level 1. HP: 12/12 MP: 1/1
     0 | D:1      | 0 ||| qw: Version: 0.3-a-76-g4403597
     0 | D:1      | 0 ||| qw: Game counter: 163
     0 | D:1      | 0 ||| qw: Melee chars always use a shield: true
     0 | D:1      | 0 ||| qw: God list: Okawaru
     0 | D:1      | 0 ||| qw: Allow faded altars: false
     0 | D:1      | 0 ||| qw: Do Orc after clearing Dungeon:15 true
     0 | D:1      | 0 ||| qw: Do second Lair branch before Depths: true
     0 | D:1      | 0 ||| qw: Lair rune preference: random
     0 | D:1      | 0 ||| qw: Goals: Normal
     0 | D:1      | 0 ||| PLANNING D:1-11
    50 | D:1      | Reached XP level 2. HP: 17/17 MP: 2/2
   376 | D:1      | Reached XP level 3. HP: 19/21 MP: 3/3
   526 | D:1      | 526 ||| UPGRADING to +4 ring mail.
   536 | D:1      | 536 ||| DROPPING +0 leather armour.
   537 | D:1      | 537 ||| UPGRADING to ring of protection from fire.
   538 | D:1      | 538 ||| DROPPING scroll of butterflies.
   576 | D:2      | Reached skill level 1 in Armour
   599 | D:2      | Reached skill level 5 in Ranged Weapons
   680 | D:2      | Reached skill level 3 in Fighting
   680 | D:2      | Reached XP level 4. HP: 28/28 MP: 4/4
  1412 | D:2      | 1412 ||| UPGRADING to +1 pair of gloves.
  1417 | D:2      | 1417 ||| READING scroll labelled PIAMOI NYEG.
  1418 | D:2      | 1418 ||| READING scroll labelled URYR YMPOEMNO.
  1419 | D:2      | 1419 ||| DRINKING 2 bubbling emerald potions.
  1419 | D:2      | Gained mutation: You are strong-willed. (Will+) [potion of
                  | mutation]
  1419 | D:2      | Gained mutation: You expend magic power (3 MP) to
                  | strengthen your wands. [potion of mutation]
  1419 | D:2      | Gained mutation: You are clumsy. (Dex -2) [potion of
                  | mutation]
  1549 | D:3      | Found a glowing golden altar of the Shining One.
  1600 | D:3      | Reached XP level 5. HP: 32/32 MP: 5/5
  1651 | D:3      | Noticed Natasha
  1652 | D:3      | 1652 ||| FLEEEEING.
  1655 | D:3      | 1655 ||| FLEEEEING.
  1662 | D:3      | Killed Natasha
  1663 | D:3      | Reached skill level 6 in Ranged Weapons
  1671 | D:3      | Noticed Natasha
  1686 | D:3      | Killed Natasha
  1764 | D:3      | Found a faded altar of an unknown god.
  1851 | D:3      | Noticed Natasha
  1868 | D:3      | Killed Natasha
  1917 | D:3      | Noticed Robin
  1921 | D:3      | Reached XP level 6. HP: 38/38 MP: 6/6
  1935 | D:3      | HP: 7/38 [frozen (5)]
  1940 | D:3      | HP: 2/38 [frozen (4)]
  1942 | D:3      | Frozen to death by an endoplasm

Levels and vault maps discovered:
D:1:      minmay_arrival_glassed_features, layout_rooms
D:2:      wad_river_or_something, layout_basic, dreamdust_mushroom_princess
D:3:      layout_rooms, nicolae_tso_besieged_by_evil,
          mainiacjoe_overflow_divided_tiny,
          dreamdust_ecumenical_altar_angels_and_demons, uniq_natasha, uniq_robin

Skill      XL: |  1  2  3  4  5  6 |
---------------+-------------------+-----
Armour         | 1 |  1.0
Ranged Weapons | 5 6 |  6.2
Fighting       | 3 4 |  4.0
Dodging        | |  1.5
Stealth        | |  1.1

Action                     |  1- 3 |  4- 6 || total
---------------------------+-------+-------++-------
   Fire: Shortbow          |    89 |   184 ||   273
    Use: Scroll            |       |     2 ||     2
         Potion            |       |     1 ||     1
 Armour: Leather armour    |     6 |       ||     6
         Ring mail         |    10 |    99 ||   109
  Dodge: Dodged            |    13 |    98 ||   111

Table legend:
 A = Non-vault XP
 B = Vault XP
 C = Vault XP percentage of total XP
 D = Non-vault monster count
 E = Vault monster count
 F = Vault count percentage of total count
                 A         B        C        D         E       F
            +---------+---------+-------+---------+---------+-------
      Total |     206 |     124 |  37.6 |      61 |      25 |  29.1
            +---------+---------+-------+---------+---------+-------
        D:1 |      38 |       0 |   0.0 |      25 |       0 |   0.0
        D:2 |      77 |      20 |  20.6 |      24 |       9 |  27.3
        D:3 |      91 |     104 |  53.3 |      12 |      16 |  57.1
            +---------+---------+-------+---------+---------+-------
